[Event "55th Rubinstein Memorial-B 2019"]
[Site "Polanica-Zdroj"]
[Date "2019.08.25"]
[Round "9.1"]
[White "Shilov, Sergej"]
[Black "Margovsky, Naum"]
[Result "1-0"]
[ECO "C10"]
[WhiteElo "2129"]
[BlackElo "2002"]
[Annotator "NA"]
[PlyCount "121"]
[EventDate "2019.08.17"]
[EventType "swiss"]
[EventCountry "POL"]
[SourceTitle "playchess.com"]
[Source "ChessBase"]
[SourceQuality "1"]
[TimeControl "40/5400+30:1800+30"]

1. e4 e6 2. d4 d5 3. Nc3 dxe4 4. Nxe4 Bd7 5. Nf3 Bc6 6. Bd3 Nd7 7. Qe2 Ngf6 8. Ng3 Be7 9. Bd2 O-O 10. O-O Bxf3 11. Qxf3 c5 12. Bc3 Qb6 13. Rad1 Nd5 14. dxc5 Nxc5 15. Nf5 Bf6 16. Bxf6 Nxf6 17. Nh6+ Kh8 18. b3 Qb4 19. h3 Rad8 20. Bc4 Ncd7 21. Ng4 Nxg4 22. Qxg4 Ne5 23. Qh4 Rxd1 24. Rxd1 b5 25. a3 Qc5 26. Be2 Qxc2 27. Qb4 Ng6 28. Qxb5 h6 29. g3 Rc8 30. Rd7 Qb1+ 31. Rd1 Qe4 32. Qd7 Rf8 33. Bd3 Qf3 34. Re1 Qd5 35. Qxd5 exd5 36. h4 Rb8 37. b4 Kg8 38. h5 Nf8 39. Re7 Ra8 40. Bf5 d4 41. Kf1 a6 42. Ke2 Rb8 43. Ra7 Rb5 44. g4 g6 45. hxg6 fxg6 46. Bd3 Re5+ 47. Kd2 h5 48. Bc4+ Kh8 49. Rf7 Nh7 50. gxh5 gxh5 51. f4 Re3 52. Bd3 Kg8 53. Rxh7 Rxd3+ 54. Kxd3 Kxh7 55. Kxd4 Kg6 56. Ke4 h4 57. a4 h3 58. Kf3 Kf5 59. b5 axb5 60. axb5 h2 61. Kg2 1-0

[Event "55th Rubinstein Memorial-B 2019"]
[Site "Polanica-Zdroj"]
[Date "2019.08.25"]
[Round "9.2"]
[White "Fainberg, Boris"]
[Black "Klimaszewski, Dariusz"]
[Result "1-0"]
[ECO "A40"]
[WhiteElo "2030"]
[BlackElo "2152"]
[Annotator "NA"]
[PlyCount "61"]
[EventDate "2019.08.17"]
[EventType "swiss"]
[EventCountry "POL"]
[SourceTitle "playchess.com"]
[Source "ChessBase"]
[SourceQuality "1"]
[TimeControl "40/5400+30:1800+30"]

1. d4 b5 2. Nf3 e6 3. e4 a6 4. Bd3 Bb7 5. O-O c5 6. c3 Nf6 7. Re1 d6 8. Nbd2 Nfd7 9. Nf1 Be7 10. a4 bxa4 11. Qxa4 O-O 12. Ng3 g6 13. Qd1 Nc6 14. dxc5 Nxc5 15. Bc2 a5 16. Nd4 Nxd4 17. cxd4 Nd7 18. Bd2 Bf6 19. Bc3 Nb8 20. Qd2 Nc6 21. Ne2 Qb6 22. d5 Bxc3 23. bxc3 Ne5 24. Reb1 Qa7 25. Qd4 exd5 26. exd5 Nd7 27. Ba4 Nc5 28. Bc6 Bxc6 29. dxc6 Qc7 30. Nf4 Ne6 31. Nxe6 1-0

[Event "55th Rubinstein Memorial-B 2019"]
[Site "Polanica-Zdroj"]
[Date "2019.08.25"]
[Round "9.3"]
[White "Meizlin, Yaacov"]
[Black "Idesis, Yaacov"]
[Result "0-1"]
[ECO "B10"]
[WhiteElo "2027"]
[BlackElo "1856"]
[Annotator "NA"]
[PlyCount "114"]
[EventDate "2019.08.17"]
[EventType "swiss"]
[EventCountry "POL"]
[SourceTitle "playchess.com"]
[Source "ChessBase"]
[SourceQuality "1"]
[TimeControl "40/5400+30:1800+30"]

1. e4 c6 2. Nc3 d5 3. Qf3 dxe4 4. Nxe4 Nf6 5. Bc4 h6 6. Nxf6+ exf6 7. Ne2 Bd6 8. d4 O-O 9. O-O Qc7 10. h3 Be6 11. Bd3 Bd5 12. Qf5 g6 13. Qxf6 Nd7 14. Qh4 h5 15. c4 Be6 16. c5 Nxc5 17. dxc5 Bxc5 18. Bf4 Bd6 19. Bh6 Rfe8 20. Qf6 Be5 21. Qh4 Bxb2 22. Rab1 Bh8 23. Bc4 Bf5 24. Rbe1 Re4 25. Bf4 Rxc4 26. Bxc7 Rxh4 27. f4 Re8 28. Kh2 g5 29. fxg5 Be5+ 30. Ng3 Bxg3+ 31. Bxg3 Rhe4 32. Rxe4 Bxe4 33. Re1 Re6 34. Bf2 b6 35. Kg3 Kh7 36. a3 Kg6 37. h4 Bd5 38. Rxe6+ fxe6 39. Be3 Kf5 40. Kf2 e5 41. g3 c5 42. a4 a5 43. g6 Kxg6 44. Bg5 Bc6 45. Bd8 Bxa4 46. Bxb6 c4 47. Bxa5 Kf5 48. Bc7 Ke4 49. Ke2 c3 50. Ke1 Kd4 51. Ke2 Bb5+ 52. Kd1 e4 53. Ba5 Kd3 54. Bb4 c2+ 55. Kc1 e3 56. Bc5 Ba4 57. Bb4 Ke2 0-1

[Event "55th Rubinstein Memorial-B 2019"]
[Site "Polanica-Zdroj"]
[Date "2019.08.25"]
[Round "9.4"]
[White "Janocha, Wieslaw"]
[Black "Drazek, Wladyslaw"]
[Result "1-0"]
[ECO "E17"]
[WhiteElo "2264"]
[BlackElo "1864"]
[Annotator "NA"]
[PlyCount "60"]
[EventDate "2019.08.17"]
[EventType "swiss"]
[EventCountry "POL"]
[SourceTitle "playchess.com"]
[Source "ChessBase"]
[SourceQuality "1"]
[TimeControl "40/5400+30:1800+30"]

1. d4 Nf6 2. Nf3 e6 3. c4 b6 4. g3 Bb7 5. Bg2 Be7 6. O-O O-O 7. d5 exd5 8. Nh4 Re8 9. cxd5 d6 10. Nf5 Bf8 11. Nc3 Nbd7 12. Qc2 a5 13. a3 Nc5 14. Bg5 a4 15. Rad1 h6 16. Bf4 Ba6 17. Rd4 Bc8 18. Rc4 Bd7 19. Rd1 Qc8 20. Nd4 Ng4 21. Nc6 g5 22. Bc1 Ne5 23. Nxe5 Rxe5 24. f4 gxf4 25. Rxf4 Bg7 26. Rdf1 Re7 27. Rh4 Qf8 28. Bg5 f6 29. Bxf6 Bxf6 30. Qg6+ Qg7 1-0

[Event "55th Rubinstein Memorial-B 2019"]
[Site "Polanica-Zdroj"]
[Date "2019.08.25"]
[Round "9.5"]
[White "Marusenko, Petr"]
[Black "Solek, Zenon"]
[Result "1/2-1/2"]
[ECO "A56"]
[WhiteElo "2124"]
[BlackElo "1782"]
[Annotator "NA"]
[PlyCount "72"]
[EventDate "2019.08.17"]
[EventType "swiss"]
[EventCountry "POL"]
[SourceTitle "playchess.com"]
[Source "ChessBase"]
[SourceQuality "1"]
[TimeControl "40/5400+30:1800+30"]

1. d4 Nf6 2. c4 c5 3. d5 a6 4. g3 b5 5. Bg2 d6 6. Nf3 g6 7. O-O Bg7 8. Re1 O-O 9. e4 Nbd7 10. Qe2 bxc4 11. Nc3 Nb6 12. Bf4 Nh5 13. Bg5 h6 14. Bd2 Nf6 15. Rad1 a5 16. Bf4 Nh5 17. Bc1 Nf6 18. e5 Nh7 19. h4 Bg4 20. Qe3 Rc8 21. Qf4 Bxf3 22. exd6 exd6 23. Bxf3 g5 24. hxg5 Nxg5 25. Bg2 Qf6 26. Qg4 Rfe8 27. f4 Nh7 28. Ne4 Qe7 29. Bd2 Nf6 30. Nxf6+ Qxf6 31. Bxa5 Qxb2 32. Qf5 c3 33. Be4 Nc4 34. Bc2 Nxa5 35. Rb1 Qa3 36. Qd7 Red8 1/2-1/2

[Event "55th Rubinstein Memorial-B 2019"]
[Site "Polanica-Zdroj"]
[Date "2019.08.25"]
[Round "9.6"]
[White "Radzicki, Wieslaw"]
[Black "Kwiecien, Zbigniew"]
[Result "0-1"]
[ECO "C11"]
[WhiteElo "1773"]
[BlackElo "2024"]
[Annotator "NA"]
[PlyCount "68"]
[EventDate "2019.08.17"]
[EventType "swiss"]
[EventCountry "POL"]
[SourceTitle "playchess.com"]
[Source "ChessBase"]
[SourceQuality "1"]
[TimeControl "40/5400+30:1800+30"]

1. e4 e6 2. Nc3 d5 3. Nf3 Nf6 4. e5 Nfd7 5. d4 a6 6. Bg5 Be7 7. h4 c5 8. Ne2 Nc6 9. c3 cxd4 10. cxd4 f6 11. exf6 Nxf6 12. Nc3 O-O 13. Bd3 Bd7 14. Rc1 Be8 15. O-O Bh5 16. Be2 Qd6 17. g3 Rae8 18. a3 Ne4 19. Nxe4 dxe4 20. Bxe7 Rxe7 21. Ng5 Bxe2 22. Qxe2 Nxd4 23. Qxe4 g6 24. Kg2 e5 25. Rcd1 Qf6 26. f4 Nf5 27. fxe5 Rxe5 28. Qxb7 Re7 29. Qd5+ Kg7 30. Kh3 h6 31. Ne4 Qxb2 32. Rd3 Ne3 33. Rd2 Nxd5 34. Rxb2 Rxf1 0-1